 Dungeon Crawl Stone Soup version 0.21-a0-513-gdcb3f5e (webtiles) character file.

8376 zeke the Cleaver (level 11, -5/94 HPs)
             Began as a Minotaur Fighter on Dec 1, 2017.
             Was a High Priest of Okawaru.
             Slain by a killer bee (7 damage)
             ... while paralysed by a hornet
             ... on level 9 of the Dungeon.
             The game lasted 00:29:57 (8098 turns).

zeke the Cleaver (Minotaur Fighter)                 Turns: 8098, Time: 00:29:59

Health: -5/94      AC: 11    Str: 23    XL:     11   Next: 9%
Magic:  10/10      EV:  2    Int:  5    God:    Okawaru [*****.]
Gold:   591        SH:  0    Dex: 11    Spells: 10/10 levels left

rFire    . . .     SeeInvis +   S - +4 war axe
rCold    . . .     Gourm    .   c - +0 shield
rNeg     . . .     Faith    .   b - +0 scale mail
rPois    .         Spirit   .   (helmet unavailable)
rElec    .         Reflect  .   (no cloak)
rCorr    .         Harm     .   z - +2 pair of gloves
MR       .....                  (no boots)
Stlth    ..........             (no amulet)
HPRegen  0.25/turn              I - ring of see invisible
MPRegen  0.12/turn              (no ring)

@: paralysed, lethally poisoned (-5 -> -8), slowed
A: retaliatory headbutt, claws 1, horns 3, talons 2, large bone plates 1, no
potion heal 1
a: Heroism, Finesse, Renounce Religion


You were on level 9 of the Dungeon.
You worshipped Okawaru.
Okawaru was extremely pleased with you.
You were near starving.

You visited 2 branches of the dungeon, and saw 10 of its levels.

You collected 591 gold pieces.

Inventory:

Hand Weapons
 o - a +3 hand axe of freezing
 S - a +4 war axe (weapon)
Missiles
 w - 3 javelins
 P - 9 javelins of penetration (quivered)
Armour
 b - a +0 scale mail (worn)
 c - a +0 shield (worn)
 z - a +2 pair of gloves (worn)
 M - a +1 plate armour of fire resistance
Jewellery
 h - a +3 ring of slaying
 n - an uncursed ring of stealth
 I - a ring of see invisible (left hand)
 T - an uncursed amulet of rage {unknown}
Wands
 q - a wand of random effects (25)
 u - a wand of acid (21)
 E - a wand of digging (11)
 N - a wand of paralysis (31)
Scrolls
 d - a scroll of acquirement {unknown}
 i - 5 scrolls of enchant weapon {unknown}
 k - 7 scrolls of teleportation
 l - 2 scrolls of amnesia {unknown}
 p - a scroll of fear {unknown}
 r - a scroll of immolation {unknown}
 v - 8 scrolls of identify {unknown}
 y - 3 scrolls of blinking {unknown}
 B - a scroll of fog
 C - 2 scrolls of magic mapping {unknown}
 D - a scroll of enchant armour {unknown}
 L - a scroll of noise {unknown}
Potions
 e - 7 potions of curing
 g - 2 potions of flight
 m - a potion of lignification {unknown}
 x - a potion of degeneration {unknown}
 A - 2 potions of mutation {unknown}
 H - 4 potions of heal wounds {unknown}
 O - 3 potions of brilliance
 R - a potion of agility {unknown}
Books
 j - a book of Debilitation

   Spells                             Type                      Level
   a - Corona                         Hexes                        1
   b - Slow                           Hexes                        2
   c - Inner Flame                    Hexes/Fire                   3
   d - Portal Projectile              Hexes/Translocation          3
   e - Cause Fear                     Hexes                        4
   f - Leda's Liquefaction            Hexes/Earth                  4
 t - a book of Changes

   Spells                             Type                      Level
   a - Beastly Appendage              Transmutation                1
   b - Sticks to Snakes               Transmutation                2
   c - Spider Form                    Transmutation/Poison         3
   d - Ice Form                       Ice/Transmutation            4
   e - Blade Hands                    Transmutation                5
 F - a book of Maledictions

   Spells                             Type                      Level
   a - Corona                         Hexes                        1
   b - Ensorcelled Hibernation        Hexes/Ice                    2
   c - Confuse                        Hexes                        3
   d - Tukima's Dance                 Hexes                        3
   e - Dazzling Spray                 Conjuration/Hexes            3
 J - a Young Poisoner's Handbook

   Spells                             Type                      Level
   a - Sting                          Conjuration/Poison           1
   b - Poisonous Vapours              Poison/Air                   2
   c - Mephitic Cloud                 Conjuration/Poison/Air       3
   d - Olgreb's Toxic Radiance        Poison                       4
   e - Venom Bolt                     Conjuration/Poison           5
 Q - a book of Frost

   Spells                             Type                      Level
   a - Freeze                         Ice                          1
   b - Throw Frost                    Conjuration/Ice              2
   c - Ozocubu's Armour               Charms/Ice                   3
   d - Throw Icicle                   Conjuration/Ice              4
   e - Summon Ice Beast               Ice/Summoning                4
Comestibles
 f - 8 bread rations
 s - 5 meat rations
 G - a royal jelly
 K - 3 fruits


   Skills:
 + Level 8.3 Fighting
 * Level 13.0 Axes
 + Level 9.4 Armour
 + Level 4.6 Dodging
 + Level 1.5 Stealth
 + Level 9.9 Shields
 + Level 0.4 Invocations


You had 10 spell levels left.
You didn't know any spells.

Dungeon Overview and Level Annotations

Branches:
Dungeon (9/15)             Temple (1/1) D:6
   Lair: D:8-11         Orc: D:9-12

Altars:
Ashenzari
Cheibriados
Fedhas
Makhleb
Okawaru
Ru
Wu Jian
Zin

Shops:
D:4 =%:


Innate Abilities, Weirdness & Mutations

You reflexively headbutt those who attack you in melee.
You have a pair of large horns on your head.
You have sharp fingernails.
You have razor-sharp toenails.
You are partially covered in large bone plates. (SH +4)
Potions are less effective at restoring your health.


Message History

Okawaru accepts your kill.
You feel sick. You block the killer bee's attack. The killer bee stings you.
The killer bee closely misses you. You block the killer bee's attack.
The hornet stings you.
You suddenly lose the ability to move!
The killer bee stings you but does no damage. x4
The eight-headed hydra bites you!
* * * LOW HITPOINT WARNING * * *
The eight-headed hydra bites you!
* * * LOW HITPOINT WARNING * * *
The eight-headed hydra barely misses you.
The eight-headed hydra bites you but does no damage.
The eight-headed hydra bites you.
* * * LOW HITPOINT WARNING * * *
The eight-headed hydra bites you.
* * * LOW HITPOINT WARNING * * *
The eight-headed hydra bites you!
* * * LOW HITPOINT WARNING * * *
The eight-headed hydra bites you but does no damage.
The killer bee stings you!
You die...

.... .(.. ..... .....# ...[#
##### #.h## ##...## #yy##
##.....####Dy##
#.......####@y#
#####...###..###..#
#...##...###..)...#
....###)..###..#### #...#
##...##### ### ##..## ##...#
##.### .....## ##..##
##....## .....†####...##
#......##
)†.##.†...>...#####..###..##


You could see an eight-headed hydra, a hornet, a hound and 3 killer bees.

Vanquished Creatures
  Erica (D:9)
  A two-headed ogre (D:8)
  A skeletal warrior (D:8)
  The ghost of Foxy the Charmwright, a novice GnSk of Yredelemnul (D:6)
  The ghost of Chalrif the Shield-Bearer, a novice FoFi (D:4)
  2 trolls (D:8)
  Sigmund (D:6)
  2 yaks (D:9)
  Duvessa (D:6)
  A water moccasin (D:7)
  4 ice beasts
  2 sky beasts
  2 orc warriors
  3 necrophages
  An ogre (D:7)
  A phantom (D:9)
  2 black bears
  3 centaurs
  2 big kobolds
  A crocodile (D:9)
  A bullfrog (D:7)
  Dowan (D:6)
  5 scorpions
  4 killer bees
  21 wights
  A howler monkey (D:8)
  An electric eel (D:6)
  A crimson imp (D:8)
  A centaur zombie (D:7)
  A quasit (D:3)
  2 jellies
  8 orc priests
  3 centaur skeletons (D:5)
  5 hounds
  3 bullfrog skeletons
  9 worker ants
  An iguana (D:9)
  7 orc wizards
  A hound zombie (D:8)
  3 howler monkey zombies
  Robin (D:3)
  6 gnolls
  6 adders
  4 river rats (D:7)
  A shadow imp (D:5)
  2 adder skeletons
  4 adder zombies
  A worm (D:3)
  6 leopard geckos
  32 orcs
  8 giant cockroaches
  6 hobgoblins
  13 jackals
  3 kobolds
  5 quokkas
  4 ball pythons
  5 bats
  A frilled lizard (D:3)
  12 goblins
  A leopard gecko skeleton (D:8)
  A leopard gecko zombie (D:8)
  6 rats
  A plant (D:7)
241 creatures vanquished.

Vanquished Creatures (others)
  A plant (D:7)
1 creature vanquished.

Grand Total: 242 creatures vanquished

Notes
Turn   | Place    | Note
-------+----------+-------------------------------------------
     0 | D:1      | zeke the Minotaur Fighter began the quest for the Orb.
     0 | D:1      | Reached XP level 1. HP: 19/19 MP: 0/0
   394 | D:1      | Found a shattered altar of Ashenzari.
   421 | D:1      | Reached XP level 2. HP: 24/27 MP: 1/1
   974 | D:2      | Reached XP level 3. HP: 29/33 MP: 2/2
  1661 | D:3      | Reached skill level 3 in Axes
  1767 | D:3      | Reached XP level 4. HP: 28/40 MP: 3/3
  1770 | D:3      | Noticed Robin
  1779 | D:3      | Killed Robin
  2110 | D:4      | Reached skill level 4 in Axes
  2110 | D:4      | Reached XP level 5. HP: 17/46 MP: 4/4
  2253 | D:4      | Reached skill level 5 in Axes
  2304 | D:4      | Found Risoxa's Food Shoppe.
  2311 | D:4      | Found Veuhunot's Book Emporium.
  2345 | D:4      | Noticed Chalrif's ghost (novice FoFi)
  2707 | D:4      | Reached XP level 6. HP: 43/52 MP: 5/5
  2710 | D:4      | Reached skill level 5 in Armour
  2739 | D:4      | Reached skill level 1 in Dodging
  2739 | D:4      | Reached skill level 5 in Shields
  2755 | D:4      | Found a glowing silver altar of Zin.
  2769 | D:4      | Found Pyarazaw's Jewellery Boutique.
  2777 | D:4      | Found an ornate altar of the Wu Jian Council.
  2868 | D:4      | Found a sacrificial altar of Ru.
  3035 | D:4      | Found a burning altar of Makhleb.
  3065 | D:4      | Killed Chalrif's ghost
  3065 | D:4      | Reached skill level 6 in Axes
  3065 | D:4      | Reached XP level 7. HP: 30/60 MP: 6/6
  3268 | D:5      | Entered Level 5 of the Dungeon
  3437 | D:5      | Reached skill level 7 in Axes
  3442 | D:5      | Reached skill level 5 in Fighting
  3461 | D:5      | Reached XP level 8. HP: 47/68 MP: 7/7
  3467 | D:5      | Gained mutation: You have a pair of large horns on your head. [mutagenic meat]
  3468 | D:5      | Gained mutation: Your body sometimes deteriorates upon taking damage. [mutagenic meat]
  3469 | D:5      | Gained mutation: Potions are less effective at restoring your health. [mutagenic meat]
  3470 | D:5      | Gained mutation: You have sharp fingernails. [mutagenic meat]
  3718 | D:5      | Reached skill level 8 in Axes
  4328 | D:6      | Found a staircase to the Ecumenical Temple.
  4342 | Temple   | Entered the Ecumenical Temple
  4362 | Temple   | Became a worshipper of Warmaster Okawaru
  4502 | D:6      | Reached skill level 1 in Stealth
  4508 | D:6      | Noticed Sigmund
  4510 | D:6      | Noticed Foxy's ghost (novice GnSk)
  4517 | D:6      | Reached skill level 9 in Axes
  4528 | D:6      | Killed Sigmund
  4528 | D:6      | Reached * piety under Okawaru
  4534 | D:6      | Killed Foxy's ghost
  4534 | D:6      | Reached XP level 9. HP: 32/75 MP: 8/8
  4536 | D:6      | Reached skill level 10 in Axes
  4756 | D:6      | Noticed Duvessa
  4756 | D:6      | Noticed Dowan
  4763 | D:6      | Killed Duvessa
  4765 | D:6      | Killed Dowan
  4788 | D:6      | Got a steaming brass ring
  4831 | D:6      | Identified the cursed ring "Luoditeg" {rPois rC+ AC-3 Stlth-} (You found it on level 6 of the Dungeon)
  5028 | D:7      | Reached ** piety under Okawaru
  5059 | D:7      | Found a blossoming altar of Fedhas.
  5606 | D:7      | Reached skill level 11 in Axes
  5937 | D:8      | Reached *** piety under Okawaru
  5991 | D:8      | Reached XP level 10. HP: 61/84 MP: 9/9
  6010 | D:8      | Noticed a two-headed ogre
  6019 | D:8      | Killed a two-headed ogre
  6031 | D:8      | Noticed a skeletal warrior
  6053 | D:7      | HP: 4/86 [big kobold (5)]
  6056 | D:7      | Received a gift from Okawaru
  6418 | D:8      | Killed a skeletal warrior
  6418 | D:8      | Reached **** piety under Okawaru
  6418 | D:8      | Reached skill level 12 in Axes
  6510 | D:8      | Gained mutation: You are partially covered in large bone plates. (SH +4) [mutagenic meat]
  6511 | D:8      | Gained mutation: You have sharp toenails. [mutagenic meat]
  6512 | D:8      | Gained mutation: You have razor-sharp toenails. [mutagenic meat]
  6513 | D:8      | Lost mutation: Your body sometimes deteriorates upon taking damage. [mutagenic meat]
  6996 | D:8      | Upgraded the game from 0.21-a0-509-gecc5317 to 0.21-a0-513-gdcb3f5e
  7552 | D:9      | Received a gift from Okawaru
  7603 | D:9      | Reached ***** piety under Okawaru
  7785 | D:9      | Noticed Erica
  7793 | D:9      | Killed Erica
  7793 | D:9      | Reached skill level 13 in Axes
  7793 | D:9      | Reached XP level 11. HP: 31/94 MP: 7/10
  8092 | D:9      | Noticed an eight-headed hydra
  8098 | D:9      | Paralysed by a hornet for 1 turns
  8098 | D:9      | HP: 2/94 [eight-headed hydra (8)]
  8098 | D:9      | Slain by a killer bee

Vault maps used:
D:1:      kennysheep_arrival_seaside, nicolae_ashenzari_panopticon
D:2:      first_bread
D:3:      minmay_misc_feat_room, uniq_robin
D:4:      nicolae_overflow_quartered_altars, serial_shops, shop, shop, shop
D:6:      cheibrodos_helix_gallery, minmay_temple_entry_junction_2, st_stairs_8,
          uniq_sigmund, uniq_duvessa
D:7:      wad_woods_stonehenge, serial_undead, serial_undead_c, serial_undead_b,
          serial_undead_b, serial_undead_c, serial_undead_a
D:8:      minmay_bloctagon
D:9:      lair_entry_dummy, david_orc_4, uniq_erica
Temple:   hc_temple_tempest_star

Skill      XL: |  1  2  3  4  5  6  7  8  9 10 |
---------------+-------------------------------+-----
Fighting       | 4 5 6 8 |  8.3
Shields        | 4 5 6 8 9 |  9.9
Armour         | 4 6 7 8 9 |  9.4
Axes           | 3 4 5 6 7 9 11 13 | 13.0
Dodging        | 1 2 3 4 |  4.6
Stealth        | 1 |  1.5
Invocations    | |  0.4

Action                   |  1- 3 |  4- 6 |  7- 9 | 10-12 || total
-------------------------+-------+-------+-------+-------++-------
Melee: War axe           |    89 |    85 |   159 |    76 ||   409
       Headbutt          |     6 |     9 |    64 |    29 ||   108
       Hand axe          |       |       |   134 |    99 ||   233
       Kick              |       |       |       |    28 ||    28
Throw: Javelin           |       |       |       |     4 ||     4
Invok: Heroism           |       |       |     1 |     3 ||     4
  Use: Scroll            |       |     3 |     3 |       ||     6
       Potion            |       |     7 |       |       ||     7
  Eat: Chunk             |     3 |     4 |    13 |    10 ||    30
       Fruit             |       |       |     1 |       ||     1
Armor: Scale mail        |    43 |    50 |    84 |    54 ||   231
Dodge: Dodged            |    42 |    30 |    83 |    50 ||   205
Block: Shield            |    56 |    51 |   115 |   116 ||   338

Table legend:
 A = Spawn XP
 B = Non-spawn XP
 C = Spawn XP percentage of total XP
 D = Spawn monster count
 E = Non-spawn monster count
 F = Spawn count percentage of total count
 G = Total turns spent on level
                    A         B        C        D         E        F      G
               +---------+---------+-------+---------+---------+-------+---------
         Total |       0 |   11966 |   0.0 |       0 |     240 |   0.0 |  8098
               +---------+---------+-------+---------+---------+-------+---------
           D:1 |       0 |      27 |   0.0 |       0 |      17 |   0.0 |   815
           D:2 |       0 |      33 |   0.0 |       0 |      11 |   0.0 |   783
           D:3 |       0 |     113 |   0.0 |       0 |      26 |   0.0 |   503
           D:4 |       0 |     816 |   0.0 |       0 |      23 |   0.0 |  1167
           D:5 |       0 |     928 |   0.0 |       0 |      30 |   0.0 |   989
           D:6 |       0 |    1572 |   0.0 |       0 |      22 |   0.0 |   715
           D:7 |       0 |    1714 |   0.0 |       0 |      38 |   0.0 |  1254
           D:8 |       0 |    4431 |   0.0 |       0 |      53 |   0.0 |  1202
           D:9 |       0 |    2332 |   0.0 |       0 |      20 |   0.0 |   631
               +---------+---------+-------+---------+---------+-------+---------
